 Dungeon Crawl Stone Soup version 0.32-a0-616-g9348d4545b (webtiles) character file.

Game seed: 18396408752336667900

518 Fodor the Chopper (level 7, -5/61 HPs)
             Began as a Minotaur Fighter on Mar 5, 2024.
             Slain by Eustachio
             ... wielding a +0 falchion
              (10 damage)
             ... on level 4 of the Dungeon.
             The game lasted 00:07:06 (2733 turns).

Fodor the Chopper (Minotaur Fighter)                Turns: 2733, Time: 00:07:07

Health: -5/61      AC:  0    Str: 23      XL:     7   Next: 1%
Magic:  6/6        EV: 18    Int:  5      God:
Gold:   82         SH:  0    Dex: 10 (14) Spells: 6/6 levels left

rFire   . . .        a - melded +0 war axe
rCold   . . .        c - melded +0 buckler
rNeg    . . .        b - melded +0 scale mail
rPois   .            (helmet currently unavailable)
rElec   .            s - melded +2 cloak
rCorr   .            (gloves currently unavailable)
SInv    .            (boots currently unavailable)
Will    .....        (no amulet)
Stlth   +            q - melded ring "Bomitof" {rC- AC+4 Dex+3 Slay+4}
HPRegen 0.30/turn    (ring currently unavailable)
MPRegen 0.10/turn

%: no passive effects
@: bat-form, flying, very quick
A: fast, flying, no casting, tiny, (horns 2), (retaliatory headbutt)
a: no special abilities


You were on level 4 of the Dungeon.
You were a bat.
You visited 1 branch of the dungeon, and saw 4 of its levels.

You collected 82 gold pieces.

Inventory:

Hand Weapons
 a - a +0 war axe (melded)
Armour
 b - a +0 scale mail (melded)
 c - a +0 buckler (melded)
 s - a +2 cloak (melded)
Jewellery
 n - a ring of poison resistance
 q - the ring "Bomitof" (melded) {rC- AC+4 Dex+3 Slay+4}
   (You found it on level 3 of the Dungeon)

   [ring of protection]

   AC+4:      It affects your AC (+4).
   Dex+3:     It affects your dexterity (+3).
   Slay+4:    It affects your accuracy & damage with ranged weapons and melee
   (+4).
   rC-:       It makes you vulnerable to cold.
Talismans
 p - a beast talisman
Wands
 r - a wand of flame (16)
Scrolls
 f - 2 scrolls of enchant armour {unknown}
 i - 4 scrolls of identify {unknown}
 j - 2 scrolls of immolation {unknown}
 k - 3 scrolls of teleportation {unknown}
 l - a scroll of fog {unknown}
 m - 2 scrolls of brand weapon {unknown}
 o - a scroll of revelation {unknown}
Potions
 d - a potion of might
 e - a potion of curing {unknown}
 g - 2 potions of magic {unknown}
 h - 3 potions of heal wounds {unknown}


   Skills:
 + Level 5.0 Fighting
 + Level 5.9 Axes
 + Level 5.5 Armour
 + Level 2.0 Dodging
 + Level 0.4 Stealth
 + Level 4.9 Shields


You had 6 spell levels left.
You didn't know any spells.
Your spell library contained the following spells:

 Spells                   Type           Power      Damage    Failure   Level
 Static Discharge         Conj/Air       0%         3-3/arc   63%         2
 Ozocubu's Armour         Ice            0%         N/A       85%         3
 Airstrike                Air            0%         2d(0-16)  99%         4
 Summon Lightning Spire   Summ/Air       0%         N/A       99%         4
 Metabolic Englaciation   Hex/Ice        0%         N/A       100%        5
 Sculpt Simulacrum        Ice/Alch       0%         N/A       100%        6


Dungeon Overview and Level Annotations

Branches:
Dungeon (4/15)
 Temple: D:4-7

Altars:
Hepliaklqana

Annotations:
D:4 Eustachio


Innate Abilities, Weirdness & Mutations

You are a bat.
You are tiny and dextrous.
You move quickly.
You are flying.
Your equipment is almost entirely melded.
You are incapable of wielding weapons or throwing items.
You cannot cast spells.
((You have a pair of horns on your head.))
((You reflexively headbutt those who attack you in melee.))


Message History

The quasit barely misses you.
Eustachio brags, "I can call spirits from the vasty deep."
The quasit misses you. The quasit closely misses you. x2
You barely miss the quasit. The quasit bites you. The quasit misses you.
The quasit claws you.
You closely miss the quasit. The quasit closely misses you. x2
The quasit claws you.
You feel clumsy.
You miss the quasit. The quasit misses you. The quasit claws you.
The quasit misses you.
You hit the quasit.
The quasit is lightly wounded.
The quasit bites you.
You feel clumsy. The quasit closely misses you. The quasit misses you.
Eustachio hits you with a +0 falchion.
You miss the quasit.
The quasit is lightly wounded.
The quasit barely misses you. The quasit claws you. The quasit misses you.
Eustachio misses you.
Unknown command.
You hit Eustachio.
Eustachio is lightly wounded.
The quasit misses you. The quasit barely misses you.
The quasit closely misses you. The white imp completely misses you.
The quasit bites you. The quasit misses you. The quasit claws you.
Eustachio calls on the powers of shadow!
Eustachio hits you with a +0 falchion!
* * * LOW HITPOINT WARNING * * *
The white imp attacks as it pursues you!
The white imp closely misses you.
Eustachio mumbles some strange words.
Eustachio blinks!
The quasit attacks as it pursues you! The quasit completely misses you.
The quasit closely misses you. The quasit completely misses you.
Eustachio hits you with a +0 falchion!
* * * LOW HITPOINT WARNING * * *
Eustachio attacks as he pursues you! Eustachio hits you with a +0 falchion!
You die...
Eustachio says, "Such is the fate of all honourless rascals."

##..## #### #....# ##..###...##
. ##....#.....# ..
###......§....#####.........
##.........#......#........[...#
#........#.##..............<...#
#......##.>..55@...............
#......###....b..#.............
##....#####...##.##...........#
#..#....##.....................
##.#...........................
#.....#....##.....#......##....
#......##..##...†.####......)†.
#.........###......##...##.....
###............###.....###.....
#.#..ß.....ß..##.....##......


You could see Eustachio, a quasit (summoned) and a white imp (summoned).

Vanquished Creatures
  Sigmund (D:2)
  A bombardier beetle (D:3)
  A jelly (D:4)
  2 hounds (D:4)
  A sleepcap (D:4)
  Natasha (twice) (D:2)
  Terence (D:2)
  Ijyb (D:3)
  4 gnolls
  An adder (D:4)
  3 dart slugs
  A ribbon worm (D:4)
  2 orcs (D:3)
  7 ball pythons
  8 bats
  4 endoplasms
  2 giant cockroaches
  10 goblins
  8 hobgoblins
  A jackal (D:4)
  2 quokkas
  5 frilled lizards
  8 kobolds
  3 rats (D:2)
79 creatures vanquished.

Notes
Turn   | Place    | Note
-------+----------+-------------------------------------------
     0 | D:1      | Fodor the Minotaur Fighter began the quest for the Orb.
     0 | D:1      | Reached XP level 1. HP: 19/19 MP: 0/0
   216 | D:1      | Reached XP level 2. HP: 24/27 MP: 1/1
   503 | D:1      | Found a faded altar of an unknown god.
   782 | D:2      | Noticed Terence
   783 | D:2      | Reached XP level 3. HP: 33/33 MP: 2/2
   789 | D:2      | Killed Terence
   934 | D:2      | Noticed Sigmund
   944 | D:2      | Killed Sigmund
   945 | D:2      | Reached skill level 1 in Dodging
   945 | D:2      | Reached XP level 4. HP: 25/41 MP: 3/3
   945 | D:2      | Reached XP level 5. HP: 28/47 MP: 4/4
  1081 | D:2      | Noticed Natasha
  1091 | D:2      | Killed Natasha
  1092 | D:2      | Reached skill level 5 in Armour
  1165 | D:2      | Found a hazy altar of Hepliaklqana.
  1222 | D:2      | Noticed Natasha
  1228 | D:2      | Killed Natasha
  1229 | D:2      | Reached XP level 6. HP: 49/53 MP: 5/5
  1730 | D:3      | Identified the ring "Bomitof" {rC- AC+4 Dex+3 Slay+4}
  1805 | D:3      | Noticed Ijyb
  1816 | D:3      | Killed Ijyb
  1817 | D:3      | Reached skill level 5 in Axes
  2679 | D:4      | Reached skill level 5 in Fighting
  2679 | D:4      | Reached XP level 7. HP: 59/61 MP: 6/6
  2704 | D:4      | Noticed Eustachio
  2733 | D:4      | Slain by Eustachio

Illustrated notes

Levels and vault maps discovered:
D:1:      roderic_crop_circles_arrival_small, layout_basic, serial_corexii_hall,
          corexii_hall_statues_x, chequers_hall_statues_corner_a,
          basic_ecumenical_altar
D:2:      layout_loops_cross, basic_altar, uniq_terence, uniq_sigmund,
          uniq_natasha
D:3:      layout_basic, uniq_ijyb
D:4:      layout_cave_pools, st_stairs_1, uniq_eustachio

Skill      XL: |  1  2  3  4  5  6 |
---------------+-------------------+-----
Fighting       | 4 5 |  5.0
Armour         | 4 5 |  5.5
Shields        | 4 |  4.9
Axes           | 4 5 |  5.9
Dodging        | 1 2 |  2.0
Stealth        | |  0.4

Action                     |  1- 3 |  4- 6 |  7- 9 || total
---------------------------+-------+-------+-------++-------
  Melee: War axe           |    64 |    86 |     2 ||   152
         Headbutt          |     8 |    10 |       ||    18
         Unarmed           |       |       |    14 ||    14
 Armour: Scale mail        |    61 |    67 |     3 ||   131
         Skin              |       |       |    16 ||    16
  Dodge: Dodged            |    25 |    58 |    30 ||   113
  Block: Buckler           |    23 |    26 |       ||    49

Table legend: (Time is in decaauts)
 A = Elapsed time spent in this place.
 B = Non-inter-level travel time spent in this place.
 C = Inter-level travel time spent in this place.
 D = Time resting spent in this place.
 E = Time spent auto-exploring this place.
 F = Levels seen in this place.
 G = Mean time per level.
                   A        B        C        D        E       F      G
               +--------+--------+--------+--------+--------+-----+--------+
         Total |   2784 |   2703 |     81 |    240 |   1646 |   4 |  696.0 |
       Dungeon |   2784 |   2703 |     81 |    240 |   1646 |   4 |  696.0 |
               +--------+--------+--------+--------+--------+-----+--------+

Top non-repeatable levels by time:
     D:3: 904 daAuts
     D:2: 774 daAuts
     D:1: 720 daAuts
     D:4: 385 daAuts
